Map: Orbital Shipyard

Players

TuuSAmo

  • Race: Zerg Zerg
  • League: Bronze

krek - Winner!

  • Race: Zerg Zerg
  • League: Silver

VOD

Have the link to the VOD?

Description

Time

  • Played on: Dec. 3, 2015, 7:43 p.m.
  • Length: 11:58
Show
View Real Time Build Order
Export as new Build Order

TuuSAmo Zerg 

Build Orders: Pool First 

Get SALT Encoding   

  12  0:02  Drone  
  13  0:08  Drone  
  14  0:28  Spawning Pool  
  13  0:29  Drone  
  14  0:56  Hatchery  
  13  1:03  Drone  
  14  1:05  Extractor  
  13  1:23  Overlord  
  13  1:36  Drone  
  14  1:41  Queen  
  16  1:58  Zergling x6  
  19  2:09  Drone  
  19  2:11  Drone  
  19  2:14  Metabolic Boost  
  21  2:25  Drone  
  21  2:26  Drone  
  23  2:34  Drone  
  24  2:42  Zergling x4  
  26  2:49  Queen  
  28  3:02  Baneling Nest, Overlord  
  27  3:33  Hatchery, Drone x3  
  29  3:55  Lair  
  29  3:57  Zergling x8  
  33  4:18  Drone  
  33  4:19  Drone x2  
  33  4:21  Overlord x2  
  36  4:35  Overlord x3  
  36  4:40  Drone  
  36  4:41  Drone  
  36  4:45  Extractor  
  33  5:19  Zergling x10  
  33  5:20  Zergling x6  
  41  5:24  Drone x3  
  44  5:29  Drone x3  
  45  5:42  Baneling  
  45  5:43  Baneling x2  
  45  5:47  Drone  
  45  5:49  Centrifical Hooks  
  46  5:56  Evolution Chamber  
  45  5:57  Evolution Chamber  
  45  5:59  Hydralisk Den  
  45  6:01  Zergling x2  
  45  6:02  Zergling x12  
  46  6:13  Zergling x4  
  46  6:14  Zergling x10  
  46  6:15  Zergling x2  
  53  6:29  Zergling x2  
  53  6:30  Zergling x4  
  52  6:38  Baneling x5  
  51  6:52  Zergling x8  
  51  6:53  Zergling x4  
  44  7:10  Baneling x3  
  44  7:11  Baneling x5  
  44  7:14  Zergling x4  
  44  7:15  Zergling x8  
  49  7:16  Zergling x4  
  43  7:43  Zergling x2  
  48  7:44  Zergling x24  
  48  7:48  Baneling x4  
  56  7:56  Queen  
  56  7:58  Drone  
  59  8:05  Extractor  
  58  8:06  Zergling x2  
  58  8:07  Extractor, Zergling x8  
  62  8:20  Baneling x6  
  62  8:26  Baneling  
  62  8:28  Zergling x2  
  62  8:29  Zergling x18  
  53  9:03  Zergling x2  
  53  9:04  Zergling x16  
  62  9:16  Lurker Den  
  62  9:20  Zerg Ground Armor Level 1  
  62  9:21  Zerg Melee Weapons Level 1  
  62  9:22  Zergling x2  
  63  9:30  Baneling x5  
  63  9:41  Drone x3  
  63  9:44  Drone  
  63  9:45  Drone  
  68  9:51  Baneling x3  
  68  9:52  Baneling  
  69  10:00  Drone x2  
  70  10:07  Hydralisk  
  72  10:26  Drone x4  
  76  10:34  Hydralisk  
  79  10:42  Zergling x2  
  79  10:43  Zergling x6  
  82  10:56  Hatchery  
  81  10:59  Overlord x3  
  81  11:03  Drone  
  66  11:23  Lurker x2  
  68  11:28  Hydralisk x4  
  68  11:29  Hydralisk  
  79  11:40  Zergling x14  
Show
View Real Time Build Order
Export as new Build Order

krek Zerg - Winner!

Build Orders: Hatch First 

Get SALT Encoding   

  12  0:22  Drone x2  
  14  0:46  Hatchery  
  13  0:53  Drone  
  14  0:59  Overlord x2  
  14  1:19  Drone  
  14  1:20  Spawning Pool  
  14  1:21  Drone  
  15  1:39  Drone x2  
  17  1:49  Drone  
  18  1:59  Drone  
  19  2:09  Spine Crawler  
  19  2:12  Spine Crawler  
  18  2:15  Drone x2  
  18  2:16  Drone  
  18  2:17  Spine Crawler  
  18  2:22  Drone x2, Spine Crawler  
  20  2:34  Queen  
  22  2:43  Queen  
  24  2:55  Drone x3  
  24  2:56  Drone x2  
  29  3:10  Queen  
  31  3:18  Queen  
  31  3:19  Drone x3  
  36  3:32  Overlord x3  
  36  3:35  Overlord  
  36  3:59  Drone x3  
  36  4:00  Drone x6  
  45  4:07  Spine Crawler  
  45  4:08  Extractor  
  45  4:09  Extractor  
  42  4:12  Extractor x2  
  40  4:26  Roach Warren  
  40  4:28  Drone x5  
  43  4:43  Drone x4  
  43  4:44  Drone x2  
  49  4:53  Spine Crawler  
  49  4:56  Lair  
  48  5:01  Zergling x4  
  48  5:02  Zergling x4  
  50  5:09  Zergling x2  
  50  5:10  Zergling x2  
  50  5:15  Roach x2  
  53  5:25  Baneling Nest  
  53  5:26  Zergling x6  
  55  5:34  Queen  
  56  5:38  Roach  
  56  5:39  Roach  
  60  5:43  Overlord x2  
  60  5:44  Overlord x2  
  60  5:47  Metabolic Boost  
  60  6:09  Roach x3  
  60  6:10  Pneumatized Carapace, Roach  
  60  6:13  Roach  
  60  6:15  Roach  
  56  6:23  Roach x6  
  67  6:29  Roach  
  69  6:36  Zergling x2  
  69  6:37  Zergling x2  
  71  6:53  Roach x2  
  71  6:54  Roach x2  
  79  6:57  Roach  
  79  7:00  Roach  
  77  7:06  Roach  
  77  7:07  Hatchery, Roach  
  80  7:15  Drone x4  
  84  7:24  Roach x2  
  88  7:35  Roach x2  
  89  7:40  Glial Reconstitution  
  89  7:52  Hatchery  
  89  7:53  Ravager x2  
  89  7:54  Ravager  
  89  7:56  Overlord  
  89  7:57  Overlord x3  
  91  8:02  Centrifical Hooks  
  91  8:13  Overseer  
  91  8:15  Roach x2  
  91  8:19  Evolution Chamber  
  94  8:23  Ravager x4  
  94  8:24  Ravager x4  
  102  8:30  Zergling x8  
  106  8:39  Zergling x2  
  106  8:40  Zergling x12  
  106  8:41  Zergling x2  
  114  8:57  Roach x2  
  101  9:03  Roach x2  
  101  9:06  Baneling x3  
  101  9:07  Baneling x6  
  101  9:08  Baneling x4  
  101  9:09  Queen  
  107  9:19  Roach x2  
  107  9:21  Evolution Chamber  
  110  9:30  Roach  
  110  9:31  Roach x3  
  118  9:37  Roach x2  
  122  9:49  Roach x3  
  128  9:59  Ravager  
  129  10:00  Overlord x3  
  129  10:03  Zerg Melee Weapons Level 1  
  129  10:26  Ravager x3  
  129  10:27  Ravager x4  
  136  10:32  Extractor  
  135  10:38  Roach x2  
  135  10:39  Roach x4  
  135  10:41  Overlord x2  
  147  10:56  Evolution Chamber  
  146  11:11  Hydralisk Den, Zergling x2  
  146  11:17  Roach x4  
  145  11:21  Roach  
  147  11:38  Overseer x3  
Tags
 
Add a new tag
Caveats
  • Supply blocks, unpowered buildings, or Contaminate may cause inaccurate times.
  • Supply counts are checked every 10 seconds.